TOP OF THE 1ST |
Oakland Athletics batting - Pitching for New York Yankees : LHP Nate Ciccarelli
|
Pitching: LHP Nate Ciccarelli
|
|
Batting: RHB Danny Murillo
|
0-0: Hit by Pitch
|
Batting: LHB Nate Dean
|
0-0: Ball 1-0: Ball 2-0: Fly out, F5 (Flyball, 56D, EV 95.0 MPH)
|
Batting: SHB Mark Rennie
|
0-0: Called Strike 0-1: Ball 1-1: Ball 2-1: SINGLE (Line Drive, 6D, EV 102.5 MPH) Danny Murillo to second
|
Batting: RHB Muneo Kawachi
|
0-0: Ball 1-0: Foul Ball, location: 2F 1-1: Ball 2-1: Foul Ball, location: 2F 2-2: SINGLE (Line Drive, 8LS, EV 106.2 MPH) Danny Murillo to third Mark Rennie to second Runner from 3rd tries for Home, SAFE, throw by CF to home
|
Batting: LHB Sakae Kasahara
|
0-0: Ball 1-0: Called Strike 1-1: Foul Ball, location: 2F 1-2: Ball 2-2: Foul Ball, location: 2F 2-2: Foul Ball, location: 2F 2-2: Foul Ball, location: 2F 2-2: Foul Ball, location: 2F 2-2: Fly out, F8 (Flyball, 8LD, EV 91.9 MPH)
|
Batting: SHB Robert Handy
|
0-0: Ground out U3 (Groundball, 34, EV 83.8 MPH)
|
Top of the 1st over - 1 run, 2 hits, 0 errors, 2 left on base; Oakland 1 - New York 0 |
BOTTOM OF THE 1ST |
New York Yankees batting - Pitching for Oakland Athletics : RHP Sean Hill
|
Pitching: RHP Sean Hill
|
|
Batting: LHB Jason Peck
|
0-0: Called Strike 0-1: Ball 1-1: Foul Ball, location: 2F 1-2: Foul Ball, location: 2F 1-2: Strikes out looking
|
Batting: LHB Jordan de Jesus
|
0-0: Called Strike 0-1: Ball 1-1: SINGLE (Line Drive, 34, EV 101.9 MPH)
|
Batting: SHB Bartholomeu Chambino
|
0-0: Ball Wild Pitch! Jordan de Jesus to second 1-0: Called Strike 1-1: Ball 2-1: Foul Ball, location: 2F 2-2: Strikes out swinging
|
Batting: LHB Jim Skare
|
0-0: Called Strike 0-1: Swinging Strike 0-2: Ball 1-2: Foul Ball, location: 2F 1-2: Fly out, F9 (Flyball, 89S, EV 95.0 MPH)
|
Bottom of the 1st over - 0 runs, 1 hit, 0 errors, 1 left on base; Oakland 1 - New York 0 |
TOP OF THE 2ND |
Oakland Athletics batting - Pitching for New York Yankees : LHP Nate Ciccarelli
|
Batting: RHB Danny Miramontes
|
0-0: Ball 1-0: Called Strike 1-1: Ball 2-1: SINGLE (Line Drive, 8LS, EV 89.4 MPH)
|
Batting: RHB Sébastien Piat
|
0-0: Ball 1-0: Ball 2-0: Bunted foul 2-1: Sac Bunt to 2L - play at first, batter OUT! 2-4 Danny Miramontes to second
|
Batting: SHB Greg Prime
|
0-0: Ball 1-0: Ball 2-0: Foul Ball, location: 2F 2-1: Ball 3-1: Base on Balls
|
Batting: RHB Danny Murillo
|
0-0: Called Strike 0-1: Ball 1-1: Called Strike 1-2: Ball 2-2: Fielders Choice at 2nd, 3-6 (Groundball, 3, EV 81.9 MPH) Danny Miramontes to third
|
Batting: LHB Nate Dean
|
0-0: Ball 1-0: Swinging Strike 1-1: Ground out 4-3 (Groundball, 34, EV 99.4 MPH)
|
Top of the 2nd over - 0 runs, 1 hit, 0 errors, 2 left on base; Oakland 1 - New York 0 |
BOTTOM OF THE 2ND |
New York Yankees batting - Pitching for Oakland Athletics : RHP Sean Hill
|
Batting: LHB Evan Torraville
|
0-0: Called Strike 0-1: Ball 1-1: Swinging Strike 1-2: Strikes out looking
|
Batting: LHB Yao-pang Tien
|
0-0: Ball 1-0: Ball 2-0: Ground out 4-3 (Groundball, 4M, EV 103.1 MPH)
|
Batting: RHB Geni Prawiranega
|
0-0: Foul Ball, location: 2F 0-1: Ball 1-1: Swinging Strike 1-2: Foul Ball, location: 2F 1-2: Fly out, F7 (Flyball, 78D, EV 87.5 MPH)
|
Bottom of the 2nd over - 0 runs, 0 hits, 0 errors, 0 left on base; Oakland 1 - New York 0 |
TOP OF THE 3RD |
Oakland Athletics batting - Pitching for New York Yankees : LHP Nate Ciccarelli
|
Batting: SHB Mark Rennie
|
0-0: Ball 1-0: SINGLE (Line Drive, 6D, EV 98.8 MPH)
|
Batting: RHB Muneo Kawachi
|
0-0: Called Strike 0-1: Swinging Strike 0-2: Ground out 4-3 (Groundball, 4S, EV 71.2 MPH) Mark Rennie to second
|
Batting: LHB Sakae Kasahara
|
0-0: Called Strike 0-1: Ground out 4-3 (Groundball, 4, EV 78.8 MPH) Mark Rennie to third
|
Batting: SHB Robert Handy
|
0-0: Ball 1-0: Ball 2-0: Ground out 3-1 (Groundball, 34S, EV 83.8 MPH)
|
Top of the 3rd over - 0 runs, 1 hit, 0 errors, 1 left on base; Oakland 1 - New York 0 |
BOTTOM OF THE 3RD |
New York Yankees batting - Pitching for Oakland Athletics : RHP Sean Hill
|
Batting: RHB Kai Bellow
|
0-0: Foul Ball, location: 2F 0-1: Swinging Strike 0-2: Ground out U3 (Groundball, 13, EV 83.1 MPH)
|
Batting: RHB Sam Saunders
|
0-0: Ball 1-0: Swinging Strike 1-1: Ball 2-1: Foul Ball, location: 2F 2-2: Ground out 6-3 (Groundball, 6, EV 90.6 MPH)
|
Batting: LHB Jason Peck
|
0-0: Called Strike 0-1: Ball 1-1: Swinging Strike 1-2: Ground out 1-3 (Groundball, 34S, EV 68.8 MPH)
|
Bottom of the 3rd over - 0 runs, 0 hits, 0 errors, 0 left on base; Oakland 1 - New York 0 |
TOP OF THE 4TH |
Oakland Athletics batting - Pitching for New York Yankees : LHP Nate Ciccarelli
|
Batting: RHB Danny Miramontes
|
0-0: Called Strike 0-1: Ball 1-1: Ball 2-1: Swinging Strike 2-2: Ball 3-2: Foul Ball, location: 2F 3-2: Ground out 4-3 (Groundball, 4, EV 104.4 MPH)
|
Batting: RHB Sébastien Piat
|
0-0: Ball 1-0: Called Strike 1-1: Foul Ball, location: 2F 1-2: Ball 2-2: SINGLE (Groundball, 6M, EV 105.0 MPH) (infield hit)
|
Batting: SHB Greg Prime
|
0-0: Called Strike 0-1: Called Strike 0-2: Ball 1-2: Ball 2-2: SINGLE (Groundball, 5S, EV 61.2 MPH) (infield hit) Sébastien Piat to second
|
Batting: RHB Danny Murillo
|
0-0: Ball 1-0: Swinging Strike 1-1: Ball 2-1: Foul Ball, location: 2F 2-2: Foul Ball, location: 2F 2-2: Fielders Choice at 3rd, U5 (Groundball, 5L, EV 96.2 MPH) Greg Prime to second
|
Batting: LHB Nate Dean
|
0-0: Ball 1-0: Foul Ball, location: 2F 1-1: Swinging Strike 1-2: Strikes out swinging
|
Top of the 4th over - 0 runs, 2 hits, 0 errors, 2 left on base; Oakland 1 - New York 0 |
BOTTOM OF THE 4TH |
New York Yankees batting - Pitching for Oakland Athletics : RHP Sean Hill
|
Batting: LHB Jordan de Jesus
|
0-0: Called Strike 0-1: Ground out 6-3 (Groundball, 6, EV 101.9 MPH)
|
Batting: SHB Bartholomeu Chambino
|
0-0: Ball 1-0: Swinging Strike 1-1: Ball 2-1: Ball 3-1: Ground out 4-3 (Groundball, 4S, EV 82.5 MPH)
|
Batting: LHB Jim Skare
|
0-0: SINGLE (Line Drive, 89M, EV 110.6 MPH)
|
Batting: LHB Evan Torraville
|
0-0: SINGLE (Line Drive, 8LS, EV 99.4 MPH) Jim Skare to second Runner from 2nd tries for 3rd, OUT! 8-5
|
Bottom of the 4th over - 0 runs, 2 hits, 0 errors, 1 left on base; Oakland 1 - New York 0 |
TOP OF THE 5TH |
Oakland Athletics batting - Pitching for New York Yankees : LHP Nate Ciccarelli
|
Batting: SHB Mark Rennie
|
0-0: Ball 1-0: Ball 2-0: Foul Ball, location: 2F 2-1: Ball 3-1: Ground out 5-3 (Groundball, 5S, EV 83.1 MPH)
|
Batting: RHB Muneo Kawachi
|
0-0: Ball 1-0: Ball 2-0: Ground out 5-3 (Groundball, 56S, EV 85.6 MPH)
|
Batting: LHB Sakae Kasahara
|
0-0: Called Strike 0-1: Fly out, F8 (Flyball, 78D, EV 82.5 MPH)
|
Top of the 5th over - 0 runs, 0 hits, 0 errors, 0 left on base; Oakland 1 - New York 0 |
BOTTOM OF THE 5TH |
New York Yankees batting - Pitching for Oakland Athletics : RHP Sean Hill
|
Batting: LHB Yao-pang Tien
|
0-0: Ball 1-0: Called Strike 1-1: Ball 2-1: Ball 3-1: Called Strike 3-2: Strikes out swinging
|
Batting: RHB Geni Prawiranega
|
0-0: Ground out 6-3 (Groundball, 6, EV 91.9 MPH)
|
Batting: RHB Kai Bellow
|
0-0: Ground out 6-3 (Groundball, 6, EV 110.6 MPH)
|
Bottom of the 5th over - 0 runs, 0 hits, 0 errors, 0 left on base; Oakland 1 - New York 0 |
TOP OF THE 6TH |
Oakland Athletics batting - Pitching for New York Yankees : LHP Nate Ciccarelli
|
Batting: SHB Robert Handy
|
0-0: Foul Ball, location: 2F 0-1: Ball 1-1: Swinging Strike 1-2: SINGLE (Line Drive, 8LS, EV 93.8 MPH)
|
Batting: RHB Danny Miramontes
|
0-0: 2-RUN HOME RUN (Flyball, 7D, EV 98.8 MPH), Distance : 384 ft
|
Batting: RHB Sébastien Piat
|
0-0: Called Strike 0-1: Ball 1-1: Foul Ball, location: 2F 1-2: Ball 2-2: Foul Ball, location: 2F 2-2: Ball 3-2: SINGLE (Groundball, 15S, EV 62.5 MPH) (infield hit)
|
Pitching: RHP Jose Tavira
|
|
Batting: SHB Greg Prime
|
0-0: Ball 1-0: Ball 2-0: Ball 3-0: Called Strike 3-1: Foul Ball, location: 2F 3-2: Fly out, F9 (Flyball, 9D, EV 98.1 MPH)
|
Batting: RHB Danny Murillo
|
0-0: Ball Sébastien Piat steals 2nd base 1-0: Ball 2-0: Ball 3-0: Called Strike 3-1: Foul Ball, location: 2F 3-2: Ground out 6-3 (Groundball, 6, EV 85.6 MPH) Sébastien Piat to third
|
Batting: LHB Nate Dean
|
0-0: Foul Ball, location: 2F 0-1: Called Strike 0-2: Ball 1-2: Strikes out swinging
|
Top of the 6th over - 2 runs, 3 hits, 0 errors, 1 left on base; Oakland 3 - New York 0 |
BOTTOM OF THE 6TH |
New York Yankees batting - Pitching for Oakland Athletics : RHP Sean Hill
|
Batting: RHB Sam Saunders
|
0-0: Called Strike 0-1: Ball 1-1: Fly out, F9 (Line Drive, 9, EV 94.4 MPH)
|
Batting: LHB Jason Peck
|
0-0: Ball 1-0: Called Strike 1-1: Swinging Strike 1-2: Foul Ball, location: 2F 1-2: Ball 2-2: DOUBLE (Line Drive, 3D, EV 100.0 MPH)
|
Batting: LHB Jordan de Jesus
|
0-0: Called Strike 0-1: Called Strike 0-2: Ball 1-2: Ball 2-2: Ball 3-2: Strikes out looking
|
Batting: SHB Bartholomeu Chambino
|
0-0: Ball 1-0: Ball 2-0: Ground out 1-3 (Groundball, 13, EV 69.4 MPH)
|
Bottom of the 6th over - 0 runs, 1 hit, 0 errors, 1 left on base; Oakland 3 - New York 0 |
TOP OF THE 7TH |
Oakland Athletics batting - Pitching for New York Yankees : RHP Jose Tavira
|
Batting: SHB Mark Rennie
|
0-0: Ball 1-0: Ground out 4-3 (Groundball, 4S, EV 81.2 MPH)
|
Batting: RHB Muneo Kawachi
|
0-0: Called Strike 0-1: Foul Ball, location: 2F 0-2: Ball 1-2: Ground out 4-3 (Groundball, 4, EV 83.1 MPH)
|
Batting: LHB Sakae Kasahara
|
0-0: Called Strike 0-1: Called Strike 0-2: Ball 1-2: Fly out, F8 (Flyball, 8RD, EV 100.0 MPH)
|
Top of the 7th over - 0 runs, 0 hits, 0 errors, 0 left on base; Oakland 3 - New York 0 |
BOTTOM OF THE 7TH |
New York Yankees batting - Pitching for Oakland Athletics : RHP Sean Hill
|
Batting: LHB Jim Skare
|
0-0: Ball 1-0: SINGLE (Groundball, 4MD, EV 100.6 MPH)
|
Batting: LHB Evan Torraville
|
0-0: Ball 1-0: Ball 2-0: Grounds into double play, 6-4-3 (Groundball, 6M, EV 83.8 MPH)
|
Batting: LHB Yao-pang Tien
|
0-0: Ball 1-0: Swinging Strike 1-1: Ball 2-1: Foul Ball, location: 2F 2-2: Foul Ball, location: 2F 2-2: Ball 3-2: Fly out, F8 (Flyball, 8LXD, EV 101.9 MPH)
|
Bottom of the 7th over - 0 runs, 1 hit, 0 errors, 0 left on base; Oakland 3 - New York 0 |
TOP OF THE 8TH |
Oakland Athletics batting - Pitching for New York Yankees : RHP Jose Tavira
|
Pitching: RHP Timothy Greinke
|
|
Batting: SHB Robert Handy
|
0-0: Swinging Strike 0-1: Ground out 4-3 (Groundball, 4, EV 86.2 MPH)
|
Batting: RHB Danny Miramontes
|
0-0: Foul Ball, location: 2F 0-1: Fly out, F7 (Line Drive, 7D, EV 85.6 MPH)
|
Batting: RHB Sébastien Piat
|
0-0: Called Strike 0-1: Foul Ball, location: 2F 0-2: Ball 1-2: Fly out, F8 (Flyball, 8LXD, EV 89.4 MPH)
|
Top of the 8th over - 0 runs, 0 hits, 0 errors, 0 left on base; Oakland 3 - New York 0 |
BOTTOM OF THE 8TH |
New York Yankees batting - Pitching for Oakland Athletics : RHP Sean Hill
|
Batting: RHB Geni Prawiranega
|
0-0: Called Strike 0-1: Foul Ball, location: 2F 0-2: Foul Ball, location: 2F 0-2: Ball 1-2: SINGLE (Groundball, 56D, EV 105.6 MPH)
|
Batting: RHB Kai Bellow
|
0-0: SINGLE (Groundball, 56S, EV 66.9 MPH) (infield hit) Geni Prawiranega to second
|
Batting: RHB Sam Saunders
|
0-0: Called Strike 0-1: Ball 1-1: Fly out, F8 (Flyball, 8LM, EV 92.5 MPH)
|
Batting: LHB Jason Peck
|
0-0: Fielders Choice at 2nd, 2-4 (Groundball, 2L, EV 71.2 MPH) Geni Prawiranega to third
|
Batting: LHB Jordan de Jesus
|
0-0: Ball 1-0: Foul Ball, location: 2F 1-1: Ball 2-1: Ball 3-1: Ground out 4-3 (Groundball, 4MS, EV 87.5 MPH)
|
Bottom of the 8th over - 0 runs, 2 hits, 0 errors, 2 left on base; Oakland 3 - New York 0 |
TOP OF THE 9TH |
Oakland Athletics batting - Pitching for New York Yankees : RHP Timothy Greinke
|
Batting: SHB Greg Prime
|
0-0: Ball 1-0: Swinging Strike 1-1: SINGLE (Groundball, 56, EV 103.8 MPH)
|
Batting: RHB Danny Murillo
|
0-0: Ball 1-0: Ball 2-0: Ball 3-0: Base on Balls Greg Prime to second
|
Batting: LHB Nate Dean
|
0-0: Foul Ball, location: 2F 0-1: Swinging Strike 0-2: SINGLE (Groundball, 34S, EV 75.6 MPH) (infield hit) Greg Prime to third Danny Murillo to second
|
Batting: SHB Mark Rennie
|
0-0: Ball 1-0: Ball 2-0: Foul Ball, location: 2F 2-1: Called Strike 2-2: SINGLE (Groundball, 4MD, EV 106.9 MPH) Greg Prime scores Danny Murillo to third Nate Dean to second Runner from 3rd tries for Home, SAFE, throw by CF to home
|
Batting: RHB Muneo Kawachi
|
0-0: Swinging Strike 0-1: Grounds into double play, 5-4-3 (Groundball, 25, EV 81.9 MPH) Nate Dean to third
|
Batting: LHB Sakae Kasahara
|
0-0: Ball 1-0: Ground out 5-3 (Groundball, 6S, EV 72.5 MPH)
|
Top of the 9th over - 2 runs, 3 hits, 0 errors, 1 left on base; Oakland 5 - New York 0 |
BOTTOM OF THE 9TH |
New York Yankees batting - Pitching for Oakland Athletics : RHP Sean Hill
|
Batting: SHB Bartholomeu Chambino
|
0-0: Ball 1-0: Ball 2-0: Foul Ball, location: 2F 2-1: Fly out, F9 (Flyball, 9LS, EV 96.9 MPH)
|
Pitching: RHP Joe Spampinato
|
|
Batting: LHB Jim Skare
|
0-0: Ball 1-0: Ball 2-0: Foul Ball, location: 2F 2-1: Swinging Strike 2-2: Foul Ball, location: 2F 2-2: Foul Ball, location: 2F 2-2: Fly out, F7 (Line Drive, 7, EV 93.8 MPH)
|
Batting: LHB Evan Torraville
|
0-0: Called Strike 0-1: Called Strike 0-2: Ball 1-2: Foul Ball, location: 2F 1-2: SINGLE (Groundball, 3D, EV 98.8 MPH)
|
Batting: LHB Yao-pang Tien
|
0-0: Called Strike 0-1: Ball 1-1: Ball 2-1: Foul Ball, location: 2F 2-2: Foul Ball, location: 2F 2-2: Ball 3-2: Base on Balls Evan Torraville to second
|
Batting: RHB Geni Prawiranega
|
0-0: Ball 1-0: Ball 2-0: Called Strike 2-1: Foul Ball, location: 2F 2-2: Fly out, F7 (Line Drive, 7, EV 95.6 MPH)
|
Bottom of the 9th over - 0 runs, 1 hit, 0 errors, 2 left on base; Oakland 5 - New York 0 |
|